Stars vs Predators

Created - April-01-14 at 17:56

Goals
1 2 3 OT1 T
Stars 0 2 0 0 2
Predators 2 0 0 1 3
Shots
1 2 3 OT1 T
Stars 7 11 3 0 21
Predators 12 7 15 1 35

1st period

1. Predators , Max Pacioretty 39 (Nicklas Backstrom, Zach Bogosian) at 2:57
2. Predators , Roman Josi 9 (Nicklas Backstrom, Max Pacioretty) at 19:43 (PP)

Penalties :
Wayne Simmonds (DAL) for Holding (Minor) at 6:00, Shea Weber (DAL) for Roughing (Minor) at 6:55, Anton Stralman (NSH) for Tripping (Minor) at 13:39, Andrew Ference (DAL) for Interference (Minor) at 18:02

2nd period

3. Stars , Jarome Iginla 18 (Brandon Dubinsky, Luke Schenn) at 7:15
4. Stars , Brandon Dubinsky 17 (Jarome Iginla, Shea Weber) at 18:22

Penalties :
Deryk Engelland (NSH) for Slashing (Minor) at 0:26, Cody Franson (NSH) for Hooking (Minor) at 12:58

3rd period

No Goal

Penalties :
Dalton Prout (DAL) for Hooking (Minor) at 6:11, Brandon Dubinsky (DAL) for Tripping (Minor) at 12:03, Brandon Dubinsky (DAL) for High sticking (Double Minor) at 15:19

Overtime #1

5. Predators , Max Pacioretty 40 (Cody Franson, Patrik Berglund) at 0:26

Penalties :
No Penalty

Goalie Stats

Braden Holtby (DAL), 32 saves from 35 shots - (0.914), OTL, 23-32-10, 60:27 minutes
Pekka Rinne (NSH), 19 saves from 21 shots - (0.905), W, 39-19-3, 60:27 minutes

Players Stats for Stars

Player Name              G  A  P  +/- PIM S  H  SB GA TA FO     MP     PP MP  PK MP  
------------------------------------------------------------------------------------
Andrew Ference           0  0  0   0  2   0  2  1  0  0  0/0    14:50   2:53   0:00 
Brandon Dubinsky         1  1  2   0  6   1  4  0  0  0  11/20  19:24   3:25   0:19 
Brandon Manning          0  0  0   0  0   0  0  0  0  0  0/0     5:38   0:00   0:30 
Dalton Prout             0  0  0   0  2   0  0  0  0  0  0/0     5:13   0:00   0:06 
Daniel Alfredsson        0  0  0   0  0   1  0  0  0  0  0/0    22:18   2:32   6:40 
Jarome Iginla            1  1  2   1  0   2  0  0  0  0  2/2    18:40   3:25   0:00 
Jay Bouwmeester          0  0  0   0  0   3  0  0  0  0  0/0    21:40   3:04   5:40 
Luke Schenn              0  1  1   0  0   0  0  0  0  0  0/0    21:34   2:53   5:45 
Marc-Edouard Vlasic      0  0  0   0  0   3  1  2  0  0  0/0    18:37   0:00   6:41 
Marcel Goc               0  0  0   0  0   3  1  2  0  0  12/25  20:04   0:00   6:58 
Marian Gaborik           0  0  0   1  0   2  0  0  0  0  0/2    18:40   3:25   0:00 
Nik Antropov             0  0  0   0  0   2  0  0  0  0  0/0    12:21   0:00   2:22 
Paul Stastny             0  0  0   0  0   4  0  0  0  0  13/18  19:13   2:32   3:31 
Peter Mueller            0  0  0   0  0   0  0  1  0  0  1/2    14:41   0:00   1:31 
Roman Polak              0  0  0   0  0   0  3  2  0  0  0/0    13:29   0:00   1:31 
Shea Weber               0  1  1   0  2   0  2  0  0  0  0/0    19:50   3:04   4:50 
Travis Moen              0  0  0   0  0   0  0  0  0  0  2/4     5:46   0:00   2:39 
Wayne Simmonds           0  0  0  -1  2   0  2  0  0  0  0/1    16:08   2:32   0:00 

Players Stats for Predators

Player Name              G  A  P  +/- PIM S  H  SB GA TA FO     MP     PP MP  PK MP  
------------------------------------------------------------------------------------
Anton Stralman           0  0  0   0  2   1  1  0  0  0  0/0    19:20   5:14   0:55 
Artem Anisimov           0  0  0  -2  0   0  0  0  0  0  5/14   18:30   5:39   0:00 
Brandon Prust            0  0  0   0  0   1  1  0  0  0  0/1     7:51   0:29   1:49 
Cody Franson             0  1  1   1  2   0  2  2  0  0  0/0    14:21   0:00   0:00 
Derick Brassard          0  0  0  -2  0   1  1  0  0  0  0/1    19:22   6:02   0:29 
Deryk Engelland          0  0  0   0  2   1  1  1  0  0  0/0    14:57   0:00   1:48 
Jaden Schwartz           0  0  0   0  0   1  0  0  0  0  0/0     7:04   0:29   1:02 
Justin Abdelkader        0  0  0   0  0   1  2  0  0  0  4/12    9:12   0:00   3:39 
Max Pacioretty           2  1  3   2  0   5  3  0  0  0  0/0    21:17   6:24   0:00 
Nicklas Backstrom        0  2  2   1  0   3  0  0  0  0  14/25  20:50   6:24   0:00 
Patrik Berglund          0  1  1   1  0   0  1  0  0  0  3/9     9:08   0:00   0:00 
Roman Josi               1  0  1  -1  0   4  0  1  0  0  0/0    23:25   6:01   3:00 
Steven Stamkos           0  0  0  -2  0   9  3  0  0  0  1/1    18:30   5:39   0:00 
T.J. Oshie               0  0  0   1  0   3  3  0  0  0  2/3    20:50   6:24   0:00 
Tuomo Ruutu              0  0  0   0  0   3  1  0  0  0  0/1    12:16   0:29   3:06 
Valtteri Filppula        0  0  0   0  0   1  0  0  0  0  4/7    16:09   5:39   1:49 
Zach Bogosian            0  1  1   0  0   1  1  0  0  0  0/0    25:13   6:40   2:57 
Zbynek Michalek          0  0  0   0  0   0  3  2  0  0  0/0    17:33   1:07   3:14 

3 Stars

1 - Max Pacioretty (NSH)
2 - Jarome Iginla (DAL)
3 - Nicklas Backstrom (NSH)

Power Play

Stars - 0 on 3 Attempt(s) - 0.00%
Predators - 1 on 7 Attempt(s) - 14.29%

Penalty Kill

Stars - 6 on 7 Attempt(s) - 85.71% - Score 0 goal in Penalty Kill
Predators - 3 on 3 Attempt(s) - 100.00% - Score 0 goal in Penalty Kill

Official

Referees : Mike Leggo and Tim Peel
Linesman : Pierre Champoux and Pierre Racicot

Game Notes

No Game Note

Finance

Level 1 -- Attendance: 5940 (91.38%) -- Ticket Income $558,360
Level 2 -- Attendance: 4692 (93.84%) -- Ticket Income $328,440
Level 3 -- Attendance: 3173 (90.66%) -- Ticket Income $158,650
Level 4 -- Attendance: 1113 (100.00%) -- Ticket Income $46,746
Luxury Box -- Attendance: 921 (92.10%) -- Ticket Income $147,360
Game was played at the Bridgestone Arena
Total Attendance: 15839 (92.56%)
Total Ticket Income: $1,239,556
Other Income: $185,933
Total Income: $1,425,489


% Time on Ice - Stars

Lines # - Real PCT - Wanted PCT - Time Play
Normal Forward
1 - 37% - 35% - 15:15
2 - 32% - 30% - 13:10
3 - 24% - 23% - 9:59
4 - 8% - 12% - 3:07
Normal Defense
1 - 29% - 35% - 11:56
2 - 30% - 35% - 12:29
3 - 29% - 30% - 11:58
4 - 12% - 0% - 5:08
PP Forward
1 - 57% - 58% - 3:25
2 - 43% - 42% - 2:32
PP Defense
1 - 52% - 65% - 3:04
2 - 48% - 35% - 2:53
PK Forward
1 - 79% - 64% - 9:06
2 - 21% - 36% - 2:22
PK Defense
1 - 50% - 60% - 5:42
2 - 50% - 40% - 5:46
PK3 Forward
1 - 59% - 63% - 0:38
2 - 41% - 37% - 0:26
PK3 Defense
1 - 59% - 60% - 0:38
2 - 41% - 40% - 0:26
44 Forward
1 - 100% - 60% - 0:27
2 - 0% - 40% - 0:00
44 Defense
1 - 100% - 60% - 0:27
2 - 0% - 40% - 0:00
Last Minute Offensive  - 0:00
Last Minute Defensive  - 0:00
Total
Forward - 60:27
Defense - 60:27

% Time on Ice - Predators

Lines # - Real PCT - Wanted PCT - Time Play
Normal Forward
1 - 35% - 38% - 14:26
2 - 31% - 35% - 12:51
3 - 21% - 24% - 8:41
4 - 13% - 3% - 5:33
Normal Defense
1 - 34% - 35% - 13:55
2 - 32% - 30% - 13:12
3 - 31% - 29% - 12:43
4 - 4% - 6% - 1:41
PP Forward
1 - 55% - 60% - 6:53
2 - 45% - 40% - 5:39
PP Defense
1 - 48% - 60% - 6:02
2 - 52% - 40% - 6:30
PK Forward
1 - 69% - 60% - 4:08
2 - 31% - 40% - 1:49
PK Defense
1 - 50% - 51% - 3:00
2 - 50% - 49% - 2:57
PK3 Forward
1 - 0% - 54%
2 - 0% - 46%
PK3 Defense
1 - 0% - 51%
2 - 0% - 49%
44 Forward
1 - 100% - 60% - 0:27
2 - 0% - 40% - 0:00
44 Defense
1 - 100% - 53% - 0:27
2 - 0% - 47% - 0:00
Last Minute Offensive  - 0:00
Last Minute Defensive  - 0:00
Total
Forward - 60:27
Defense - 60:27

Play by Play

1st period


0:01 of 1st period - Nicklas Backstrom wins face-off versus Brandon Dubinsky in neutral zone.
0:17 of 1st period - Marc-Edouard Vlasic is hit by T.J. Oshie and loses puck.
0:30 of 1st period - Shot by Brandon Dubinsky.
0:30 of 1st period - Deflect By Marian Gaborik.
0:30 of 1st period - Shot Misses the Net.
0:32 of 1st period - Shot by Marc-Edouard Vlasic.
0:32 of 1st period - Stopped by Pekka Rinne without a rebound.
0:33 of 1st period - Paul Stastny wins face-off versus Artem Anisimov in Predators zone.
2:11 of 1st period - Icing by Andrew Ference.
2:12 of 1st period - Marcel Goc wins face-off versus Nicklas Backstrom in Stars zone.
2:12 of 1st period - Marcel Goc is hit by Max Pacioretty.
2:20 of 1st period - Shot by Marcel Goc.
2:20 of 1st period - Shot Hit the Post.
2:22 of 1st period - Shot by Daniel Alfredsson.
2:22 of 1st period - Shot Blocked by Cody Franson.
2:24 of 1st period - Shot by Nik Antropov.
2:24 of 1st period - Shot Misses the Net.
2:29 of 1st period - Icing by T.J. Oshie.
2:30 of 1st period - Brandon Dubinsky wins face-off versus Nicklas Backstrom in Predators zone.
2:33 of 1st period - Shot by Jarome Iginla.
2:33 of 1st period - Shot Misses the Net.
2:42 of 1st period - Nicklas Backstrom is hit by Marc-Edouard Vlasic and loses puck.
2:57 of 1st period - Shot by Max Pacioretty.
2:57 of 1st period - Goal by Max Pacioretty - Stars : 0 - Predators : 1.
2:58 of 1st period - Travis Moen wins face-off versus Justin Abdelkader in neutral zone.
3:34 of 1st period - Shot by Justin Abdelkader.
3:34 of 1st period - Stopped by Braden Holtby without a rebound.
3:35 of 1st period - Brandon Dubinsky wins face-off versus Artem Anisimov in Stars zone.
3:35 of 1st period - Brandon Dubinsky is hit by Derick Brassard.
3:57 of 1st period - Shot by Steven Stamkos.
3:57 of 1st period - Stopped by Braden Holtby without a rebound.
3:58 of 1st period - Patrik Berglund wins face-off versus Peter Mueller in Stars zone.
3:58 of 1st period - Cody Franson is hit by Shea Weber and loses puck.
4:08 of 1st period - Paul Stastny is hit by Zach Bogosian and loses puck.
4:25 of 1st period - Shot by Wayne Simmonds.
4:25 of 1st period - Shot Misses the Net.
4:27 of 1st period - Shot by Marc-Edouard Vlasic.
4:27 of 1st period - Stopped by Pekka Rinne without a rebound.
4:28 of 1st period - Nicklas Backstrom wins face-off versus Marcel Goc in Predators zone.
4:53 of 1st period - Shot by Nicklas Backstrom.
4:53 of 1st period - Stopped by Braden Holtby without a rebound.
4:54 of 1st period - Artem Anisimov wins face-off versus Brandon Dubinsky in Stars zone.
4:58 of 1st period - Icing by Andrew Ference.
4:59 of 1st period - Artem Anisimov wins face-off versus Brandon Dubinsky in Stars zone.
5:02 of 1st period - Shot by Steven Stamkos.
5:02 of 1st period - Stopped by Braden Holtby without a rebound.
5:03 of 1st period - Brandon Dubinsky wins face-off versus Derick Brassard in Stars zone.
5:24 of 1st period - Shot by Marian Gaborik.
5:24 of 1st period - Shot Hit the Post.
5:37 of 1st period - Off-side.
5:38 of 1st period - Nicklas Backstrom wins face-off versus Marcel Goc in neutral zone.
5:41 of 1st period - Shot by Max Pacioretty.
5:41 of 1st period - Deflect By Nicklas Backstrom.
5:41 of 1st period - Shot Blocked by Marcel Goc.
5:49 of 1st period - Shot by Marcel Goc.
5:49 of 1st period - Stopped by Pekka Rinne without a rebound.
5:50 of 1st period - Paul Stastny wins face-off versus Patrik Berglund in Predators zone.
6:00 of 1st period - Minor Penalty to Wayne Simmonds for Holding.
6:01 of 1st period - T.J. Oshie wins face-off versus Marcel Goc in Stars zone.
6:28 of 1st period - Shot by Nicklas Backstrom.
6:28 of 1st period - Deflect By Max Pacioretty.
6:28 of 1st period - Stopped by Braden Holtby without a rebound.
6:29 of 1st period - Marcel Goc wins face-off versus Valtteri Filppula in Stars zone.
6:29 of 1st period - Luke Schenn is hit by Steven Stamkos and loses puck.
6:40 of 1st period - Shot by Steven Stamkos.
6:40 of 1st period - Stopped by Braden Holtby without a rebound.
6:41 of 1st period - Marcel Goc wins face-off versus Nicklas Backstrom in Stars zone.
6:55 of 1st period - Minor Penalty to Shea Weber for Roughing.
6:56 of 1st period - Valtteri Filppula wins face-off versus Marcel Goc in Stars zone.
7:29 of 1st period - Shot by Roman Josi.
7:29 of 1st period - Shot Blocked by Marc-Edouard Vlasic.
7:31 of 1st period - Shot by Roman Josi.
7:31 of 1st period - Shot Misses the Net.
7:33 of 1st period - Shot by Roman Josi.
7:33 of 1st period - Stopped by Braden Holtby without a rebound.
7:34 of 1st period - Nicklas Backstrom wins face-off versus Paul Stastny in Stars zone.
7:44 of 1st period - Max Pacioretty is hit by Roman Polak and loses puck.
8:35 of 1st period - Shot by Steven Stamkos.
8:35 of 1st period - Stopped by Braden Holtby with a rebound.
10:00 of 1st period - Tuomo Ruutu is hit by Andrew Ference and loses puck.
13:39 of 1st period - Minor Penalty to Anton Stralman for Tripping.
13:40 of 1st period - Justin Abdelkader wins face-off versus Brandon Dubinsky in Predators zone.
13:55 of 1st period - Shot by Marian Gaborik.
13:55 of 1st period - Shot Misses the Net.
13:57 of 1st period - Shot by Jay Bouwmeester.
13:57 of 1st period - Stopped by Pekka Rinne without a rebound.
13:58 of 1st period - Paul Stastny wins face-off versus Justin Abdelkader in Predators zone.
14:11 of 1st period - Shot by Andrew Ference.
14:11 of 1st period - Shot Misses the Net.
14:13 of 1st period - Shot by Paul Stastny.
14:13 of 1st period - Stopped by Pekka Rinne without a rebound.
14:14 of 1st period - Paul Stastny wins face-off versus Justin Abdelkader in Predators zone.
14:27 of 1st period - Shot by Paul Stastny.
14:27 of 1st period - Stopped by Pekka Rinne without a rebound.
14:28 of 1st period - Justin Abdelkader wins face-off versus Brandon Dubinsky in Predators zone.
14:48 of 1st period - Brandon Dubinsky is hit by Zbynek Michalek and loses puck.
15:15 of 1st period - Deryk Engelland is hit by Brandon Dubinsky and loses puck.
16:01 of 1st period - Shot by Max Pacioretty.
16:01 of 1st period - Shot Misses the Net.
16:06 of 1st period - Icing by Dalton Prout.
16:07 of 1st period - Artem Anisimov wins face-off versus Marcel Goc in Stars zone.
16:10 of 1st period - Shot by Steven Stamkos.
16:10 of 1st period - Stopped by Braden Holtby without a rebound.
16:11 of 1st period - Paul Stastny wins face-off versus Artem Anisimov in Stars zone.
16:11 of 1st period - Paul Stastny is hit by Steven Stamkos.
16:49 of 1st period - Shot by Wayne Simmonds.
16:49 of 1st period - Deflect By Paul Stastny.
16:49 of 1st period - Shot Misses the Net.
16:51 of 1st period - Shot by Paul Stastny.
16:51 of 1st period - Shot Misses the Net.
17:37 of 1st period - Shot by Jarome Iginla.
17:37 of 1st period - Deflect By Marian Gaborik.
17:37 of 1st period - Stopped by Pekka Rinne without a rebound.
17:38 of 1st period - Nicklas Backstrom wins face-off versus Marcel Goc in Predators zone.
18:02 of 1st period - Minor Penalty to Andrew Ference for Interference.
18:03 of 1st period - Nicklas Backstrom wins face-off versus Marcel Goc in Stars zone.
18:12 of 1st period - Shot by Roman Josi.
18:12 of 1st period - Shot Misses the Net.
18:51 of 1st period - Off-side.
18:52 of 1st period - Valtteri Filppula wins face-off versus Marcel Goc in neutral zone.
18:59 of 1st period - Shot by Steven Stamkos.
18:59 of 1st period - Stopped by Braden Holtby with a rebound.
19:39 of 1st period - Shot by Max Pacioretty.
19:39 of 1st period - Shot Misses the Net.
19:41 of 1st period - Shot by Nicklas Backstrom.
19:41 of 1st period - Shot Misses the Net.
19:43 of 1st period - Shot by Roman Josi.
19:43 of 1st period - Goal by Roman Josi - Stars : 0 - Predators : 2.
19:44 of 1st period - Jarome Iginla wins face-off versus Justin Abdelkader in neutral zone.
Goals for this period are 0 for Stars vs 2 for Predators.
Shots for this period are 7 for Stars vs 12 for Predators.

2nd period


0:01 of 2nd period - Nicklas Backstrom wins face-off versus Marian Gaborik in neutral zone.
0:06 of 2nd period - Shot by Max Pacioretty.
0:06 of 2nd period - Stopped by Braden Holtby without a rebound.
0:07 of 2nd period - Nicklas Backstrom wins face-off versus Brandon Dubinsky in Stars zone.
0:12 of 2nd period - Shot by Max Pacioretty.
0:12 of 2nd period - Shot Misses the Net.
0:20 of 2nd period - Shot by T.J. Oshie.
0:20 of 2nd period - Stopped by Braden Holtby without a rebound.
0:21 of 2nd period - Paul Stastny wins face-off versus Artem Anisimov in Stars zone.
0:25 of 2nd period - Marc-Edouard Vlasic is hit by Deryk Engelland and loses puck.
0:26 of 2nd period - Minor Penalty to Deryk Engelland for Slashing.
0:27 of 2nd period - Brandon Dubinsky wins face-off versus Justin Abdelkader in Predators zone.
0:27 of 2nd period - Brandon Dubinsky is hit by Zbynek Michalek.
0:45 of 2nd period - Shot by Jay Bouwmeester.
0:45 of 2nd period - Stopped by Pekka Rinne without a rebound.
0:46 of 2nd period - Paul Stastny wins face-off versus Justin Abdelkader in Predators zone.
1:11 of 2nd period - Andrew Ference is hit by Justin Abdelkader and loses puck.
1:30 of 2nd period - Roman Josi is hit by Wayne Simmonds and loses puck.
2:39 of 2nd period - Icing by Dalton Prout.
2:40 of 2nd period - Marcel Goc wins face-off versus Artem Anisimov in Stars zone.
2:51 of 2nd period - Icing by Daniel Alfredsson.
2:52 of 2nd period - Marcel Goc wins face-off versus Nicklas Backstrom in Stars zone.
2:57 of 2nd period - Roman Josi is hit by Marcel Goc and loses puck.
3:06 of 2nd period - Shot by Deryk Engelland.
3:06 of 2nd period - Stopped by Braden Holtby with a rebound.
3:14 of 2nd period - Shot by Daniel Alfredsson.
3:14 of 2nd period - Stopped by Pekka Rinne without a rebound.
3:15 of 2nd period - Artem Anisimov wins face-off versus Marian Gaborik in Predators zone.
4:43 of 2nd period - Shot by Max Pacioretty.
4:43 of 2nd period - Shot Misses the Net.
5:15 of 2nd period - Shot by Marcel Goc.
5:15 of 2nd period - Deflect By Nik Antropov.
5:15 of 2nd period - Stopped by Pekka Rinne without a rebound.
5:16 of 2nd period - Justin Abdelkader wins face-off versus Marcel Goc in Predators zone.
5:54 of 2nd period - Shot by Jaden Schwartz.
5:54 of 2nd period - Shot Blocked by Roman Polak.
6:14 of 2nd period - Shot by Derick Brassard.
6:14 of 2nd period - Shot Misses the Net.
6:16 of 2nd period - Shot by Steven Stamkos.
6:16 of 2nd period - Shot Hit the Post.
6:21 of 2nd period - Steven Stamkos is hit by Roman Polak.
6:53 of 2nd period - Luke Schenn is hit by Steven Stamkos and loses puck.
7:15 of 2nd period - Shot by Jarome Iginla.
7:15 of 2nd period - Goal by Jarome Iginla - Stars : 1 - Predators : 2.
7:16 of 2nd period - Paul Stastny wins face-off versus Nicklas Backstrom in neutral zone.
7:30 of 2nd period - Paul Stastny is hit by Max Pacioretty.
7:40 of 2nd period - T.J. Oshie is hit by Wayne Simmonds.
7:50 of 2nd period - Nicklas Backstrom is hit by Shea Weber and loses puck.
8:01 of 2nd period - Shot by Zach Bogosian.
8:01 of 2nd period - Shot Misses the Net.
9:03 of 2nd period - Icing by Zach Bogosian.
9:04 of 2nd period - Justin Abdelkader wins face-off versus Brandon Dubinsky in Predators zone.
9:04 of 2nd period - Justin Abdelkader is hit by Brandon Dubinsky.
9:15 of 2nd period - Icing by Jay Bouwmeester.
9:16 of 2nd period - Brandon Dubinsky wins face-off versus Nicklas Backstrom in Stars zone.
9:37 of 2nd period - Shot by Marian Gaborik.
9:37 of 2nd period - Shot Misses the Net.
10:46 of 2nd period - Shot by Nik Antropov.
10:46 of 2nd period - Stopped by Pekka Rinne with a rebound.
11:27 of 2nd period - Icing by Cody Franson.
11:28 of 2nd period - Paul Stastny wins face-off versus Artem Anisimov in Predators zone.
11:31 of 2nd period - Shot by Paul Stastny.
11:31 of 2nd period - Stopped by Pekka Rinne without a rebound.
11:32 of 2nd period - Marcel Goc wins face-off versus Nicklas Backstrom in Predators zone.
11:33 of 2nd period - Shot by Luke Schenn.
11:33 of 2nd period - Shot Misses the Net.
11:35 of 2nd period - Shot by Daniel Alfredsson.
11:35 of 2nd period - Shot Misses the Net.
11:55 of 2nd period - Shot by Travis Moen.
11:55 of 2nd period - Shot Misses the Net.
11:57 of 2nd period - Shot by Marcel Goc.
11:57 of 2nd period - Stopped by Pekka Rinne without a rebound.
11:58 of 2nd period - Patrik Berglund wins face-off versus Paul Stastny in Predators zone.
12:05 of 2nd period - Shot by Tuomo Ruutu.
12:05 of 2nd period - Stopped by Braden Holtby without a rebound.
12:06 of 2nd period - Peter Mueller wins face-off versus Patrik Berglund in Stars zone.
12:15 of 2nd period - Shot by Patrik Berglund.
12:15 of 2nd period - Shot Blocked by Peter Mueller.
12:17 of 2nd period - Shot by Patrik Berglund.
12:17 of 2nd period - Shot Misses the Net.
12:27 of 2nd period - Shot by Valtteri Filppula.
12:27 of 2nd period - Shot Misses the Net.
12:29 of 2nd period - Shot by Deryk Engelland.
12:29 of 2nd period - Shot Misses the Net.
12:39 of 2nd period - Shot by Valtteri Filppula.
12:39 of 2nd period - Deflect By Patrik Berglund.
12:39 of 2nd period - Shot Misses the Net.
12:47 of 2nd period - Shot by Valtteri Filppula.
12:47 of 2nd period - Stopped by Braden Holtby without a rebound.
12:48 of 2nd period - Brandon Dubinsky wins face-off versus Nicklas Backstrom in Stars zone.
12:58 of 2nd period - Minor Penalty to Cody Franson for Hooking.
12:59 of 2nd period - Brandon Dubinsky wins face-off versus Justin Abdelkader in Predators zone.
13:30 of 2nd period - Shot by Shea Weber.
13:30 of 2nd period - Shot Misses the Net.
13:40 of 2nd period - Shot by Marian Gaborik.
13:40 of 2nd period - Shot Misses the Net.
13:58 of 2nd period - Shot by Luke Schenn.
13:58 of 2nd period - Shot Blocked by Zbynek Michalek.
16:01 of 2nd period - Icing by Brandon Manning.
16:02 of 2nd period - Marcel Goc wins face-off versus Justin Abdelkader in Stars zone.
16:02 of 2nd period - Brandon Manning is hit by Justin Abdelkader and loses puck.
16:37 of 2nd period - Jarome Iginla is hit by Brandon Prust and loses puck.
17:05 of 2nd period - Icing by Roman Josi.
17:06 of 2nd period - Paul Stastny wins face-off versus Brandon Prust in Predators zone.
17:15 of 2nd period - Shot by Paul Stastny.
17:15 of 2nd period - Stopped by Pekka Rinne with a rebound.
17:37 of 2nd period - Shot by Nicklas Backstrom.
17:37 of 2nd period - Shot Misses the Net.
17:39 of 2nd period - Shot by T.J. Oshie.
17:39 of 2nd period - Shot Misses the Net.
17:44 of 2nd period - Max Pacioretty is hit by Andrew Ference and loses puck.
18:07 of 2nd period - Marian Gaborik is hit by Max Pacioretty and loses puck.
18:22 of 2nd period - Shot by Brandon Dubinsky.
18:22 of 2nd period - Goal by Brandon Dubinsky - Stars : 2 - Predators : 2.
18:23 of 2nd period - Patrik Berglund wins face-off versus Marcel Goc in neutral zone.
18:26 of 2nd period - Luke Schenn is hit by Patrik Berglund and loses puck.
18:45 of 2nd period - Shot by Marcel Goc.
18:45 of 2nd period - Shot Misses the Net.
18:47 of 2nd period - Shot by Jay Bouwmeester.
18:47 of 2nd period - Stopped by Pekka Rinne without a rebound.
18:48 of 2nd period - Brandon Dubinsky wins face-off versus Artem Anisimov in Predators zone.
18:48 of 2nd period - Brandon Dubinsky is hit by Anton Stralman.
18:50 of 2nd period - Shot by Jarome Iginla.
18:50 of 2nd period - Stopped by Pekka Rinne without a rebound.
18:51 of 2nd period - Artem Anisimov wins face-off versus Brandon Dubinsky in Predators zone.
19:15 of 2nd period - Shot by Steven Stamkos.
19:15 of 2nd period - Stopped by Braden Holtby with a rebound.
19:17 of 2nd period - Shot by Roman Josi.
19:17 of 2nd period - Shot Misses the Net.
19:33 of 2nd period - Shot by Steven Stamkos.
19:33 of 2nd period - Stopped by Braden Holtby without a rebound.
19:34 of 2nd period - Paul Stastny wins face-off versus Nicklas Backstrom in Stars zone.
19:55 of 2nd period - Shot by Peter Mueller.
19:55 of 2nd period - Shot Misses the Net.
Goals for this period are 2 for Stars vs 0 for Predators.
Shots for this period are 11 for Stars vs 7 for Predators.

3rd period


0:01 of 3rd period - Brandon Dubinsky wins face-off versus Nicklas Backstrom in neutral zone.
0:04 of 3rd period - Nicklas Backstrom is hit by Brandon Dubinsky and loses puck.
0:33 of 3rd period - Shot by Cody Franson.
0:33 of 3rd period - Shot Blocked by Andrew Ference.
0:38 of 3rd period - Icing by Jarome Iginla.
0:39 of 3rd period - Jarome Iginla wins face-off versus Artem Anisimov in Stars zone.
1:53 of 3rd period - Icing by Wayne Simmonds.
1:54 of 3rd period - Nicklas Backstrom wins face-off versus Wayne Simmonds in Stars zone.
2:31 of 3rd period - Shot by Max Pacioretty.
2:31 of 3rd period - Shot Misses the Net.
2:49 of 3rd period - Shot by Marcel Goc.
2:49 of 3rd period - Shot Blocked by Roman Josi.
2:59 of 3rd period - Daniel Alfredsson is hit by Tuomo Ruutu.
4:03 of 3rd period - Shot by Steven Stamkos.
4:03 of 3rd period - Shot Misses the Net.
5:00 of 3rd period - Peter Mueller is hit by Cody Franson.
5:21 of 3rd period - Travis Moen is hit by Cody Franson and loses puck.
5:24 of 3rd period - Shot by Daniel Alfredsson.
5:24 of 3rd period - Shot Misses the Net.
5:26 of 3rd period - Shot by Marcel Goc.
5:26 of 3rd period - Stopped by Pekka Rinne with a rebound.
5:28 of 3rd period - Shot by Travis Moen.
5:28 of 3rd period - Shot Misses the Net.
5:40 of 3rd period - Shot by Marc-Edouard Vlasic.
5:40 of 3rd period - Stopped by Pekka Rinne without a rebound.
5:41 of 3rd period - Marcel Goc wins face-off versus Tuomo Ruutu in Predators zone.
5:42 of 3rd period - Shot by Daniel Alfredsson.
5:42 of 3rd period - Shot Blocked by Deryk Engelland.
6:11 of 3rd period - Minor Penalty to Dalton Prout for Hooking.
6:12 of 3rd period - Nicklas Backstrom wins face-off versus Marcel Goc in Stars zone.
7:10 of 3rd period - Shot by Roman Josi.
7:10 of 3rd period - Shot Misses the Net.
7:12 of 3rd period - Shot by Roman Josi.
7:12 of 3rd period - Stopped by Braden Holtby without a rebound.
7:13 of 3rd period - Valtteri Filppula wins face-off versus Marcel Goc in Stars zone.
7:40 of 3rd period - Shot by Steven Stamkos.
7:40 of 3rd period - Stopped by Braden Holtby with a rebound.
7:58 of 3rd period - Shot by Zach Bogosian.
7:58 of 3rd period - Shot Misses the Net.
8:08 of 3rd period - Shot by Max Pacioretty.
8:08 of 3rd period - Stopped by Braden Holtby without a rebound.
8:09 of 3rd period - Travis Moen wins face-off versus T.J. Oshie in Stars zone.
8:09 of 3rd period - Travis Moen is hit by T.J. Oshie.
8:45 of 3rd period - Shot by Jaden Schwartz.
8:45 of 3rd period - Stopped by Braden Holtby without a rebound.
8:46 of 3rd period - Nicklas Backstrom wins face-off versus Brandon Dubinsky in Stars zone.
9:13 of 3rd period - Deryk Engelland is hit by Brandon Dubinsky.
9:23 of 3rd period - Shot by Max Pacioretty.
9:23 of 3rd period - Deflect By Nicklas Backstrom.
9:23 of 3rd period - Shot Misses the Net.
10:02 of 3rd period - Off-side.
10:03 of 3rd period - Paul Stastny wins face-off versus Patrik Berglund in neutral zone.
10:12 of 3rd period - Shot by Wayne Simmonds.
10:12 of 3rd period - Shot Blocked by Cody Franson.
10:30 of 3rd period - Shot by Tuomo Ruutu.
10:30 of 3rd period - Stopped by Braden Holtby without a rebound.
10:31 of 3rd period - Marcel Goc wins face-off versus Artem Anisimov in Stars zone.
10:56 of 3rd period - Shot by Derick Brassard.
10:56 of 3rd period - Stopped by Braden Holtby with a rebound.
11:02 of 3rd period - Shot by Steven Stamkos.
11:02 of 3rd period - Deflect By Artem Anisimov.
11:02 of 3rd period - Shot Misses the Net.
11:10 of 3rd period - Shot by Derick Brassard.
11:10 of 3rd period - Shot Misses the Net.
11:26 of 3rd period - Shot by Nicklas Backstrom.
11:26 of 3rd period - Stopped by Braden Holtby with a rebound.
11:52 of 3rd period - Shot by Max Pacioretty.
11:52 of 3rd period - Shot Misses the Net.
11:54 of 3rd period - Shot by Cody Franson.
11:54 of 3rd period - Shot Misses the Net.
11:56 of 3rd period - Shot by T.J. Oshie.
11:56 of 3rd period - Stopped by Braden Holtby without a rebound.
11:57 of 3rd period - Brandon Dubinsky wins face-off versus Patrik Berglund in Stars zone.
12:03 of 3rd period - Minor Penalty to Brandon Dubinsky for Tripping.
12:04 of 3rd period - Valtteri Filppula wins face-off versus Travis Moen in Stars zone.
12:07 of 3rd period - Shot by Roman Josi.
12:07 of 3rd period - Deflect By Steven Stamkos.
12:07 of 3rd period - Shot Misses the Net.
12:09 of 3rd period - Shot by Roman Josi.
12:09 of 3rd period - Stopped by Braden Holtby without a rebound.
12:10 of 3rd period - Nicklas Backstrom wins face-off versus Travis Moen in Stars zone.
12:19 of 3rd period - Shot by Nicklas Backstrom.
12:19 of 3rd period - Shot Misses the Net.
13:43 of 3rd period - Shot by Anton Stralman.
13:43 of 3rd period - Stopped by Braden Holtby without a rebound.
13:44 of 3rd period - Marcel Goc wins face-off versus Nicklas Backstrom in Stars zone.
13:44 of 3rd period - Marcel Goc is hit by T.J. Oshie.
14:28 of 3rd period - Shot by Jarome Iginla.
14:28 of 3rd period - Deflect By Marian Gaborik.
14:28 of 3rd period - Stopped by Pekka Rinne without a rebound.
14:29 of 3rd period - Paul Stastny wins face-off versus Patrik Berglund in Predators zone.
14:30 of 3rd period - Shot by Peter Mueller.
14:30 of 3rd period - Shot Blocked by Zbynek Michalek.
14:33 of 3rd period - Paul Stastny is hit by Zbynek Michalek and loses puck.
15:19 of 3rd period - Double Minor Penalty to Brandon Dubinsky for High sticking.
15:20 of 3rd period - Nicklas Backstrom wins face-off versus Marcel Goc in Stars zone.
15:51 of 3rd period - Shot by Max Pacioretty.
15:51 of 3rd period - Shot Misses the Net.
15:53 of 3rd period - Shot by T.J. Oshie.
15:53 of 3rd period - Shot Misses the Net.
15:55 of 3rd period - Shot by Derick Brassard.
15:55 of 3rd period - Shot Blocked by Marcel Goc.
15:57 of 3rd period - Shot by Nicklas Backstrom.
15:57 of 3rd period - Shot Misses the Net.
15:59 of 3rd period - Shot by Nicklas Backstrom.
15:59 of 3rd period - Shot Misses the Net.
16:01 of 3rd period - Shot by Nicklas Backstrom.
16:01 of 3rd period - Shot Misses the Net.
16:05 of 3rd period - Shot by Derick Brassard.
16:05 of 3rd period - Shot Misses the Net.
16:23 of 3rd period - Shot by Artem Anisimov.
16:23 of 3rd period - Shot Blocked by Marc-Edouard Vlasic.
18:30 of 3rd period - Shot by Brandon Prust.
18:30 of 3rd period - Stopped by Braden Holtby with a rebound.
18:32 of 3rd period - Shot by Zbynek Michalek.
18:32 of 3rd period - Shot Blocked by Roman Polak.
18:34 of 3rd period - Shot by Tuomo Ruutu.
18:34 of 3rd period - Stopped by Braden Holtby without a rebound.
18:35 of 3rd period - Nicklas Backstrom wins face-off versus Paul Stastny in Stars zone.
18:48 of 3rd period - Shot by Zach Bogosian.
18:48 of 3rd period - Shot Misses the Net.
18:50 of 3rd period - Shot by T.J. Oshie.
18:50 of 3rd period - Stopped by Braden Holtby with a rebound.
18:52 of 3rd period - Shot by Zach Bogosian.
18:52 of 3rd period - Shot Misses the Net.
18:54 of 3rd period - Shot by Nicklas Backstrom.
18:54 of 3rd period - Stopped by Braden Holtby without a rebound.
18:55 of 3rd period - Marcel Goc wins face-off versus Valtteri Filppula in Stars zone.
19:02 of 3rd period - Icing by Valtteri Filppula.
19:03 of 3rd period - Marcel Goc wins face-off versus Valtteri Filppula in Predators zone.
19:33 of 3rd period - Zach Bogosian is hit by Roman Polak and loses puck.
19:44 of 3rd period - Shot by Jaden Schwartz.
19:44 of 3rd period - Shot Misses the Net.
19:46 of 3rd period - Shot by Zach Bogosian.
19:46 of 3rd period - Stopped by Braden Holtby without a rebound.
19:47 of 3rd period - T.J. Oshie wins face-off versus Paul Stastny in Stars zone.
19:55 of 3rd period - Off-side.
19:56 of 3rd period - Steven Stamkos wins face-off versus Paul Stastny in neutral zone.
Goals for this period are 0 for Stars vs 0 for Predators.
Shots for this period are 3 for Stars vs 15 for Predators.

Overtime #1


0:01 of 1st overtime period - Brandon Dubinsky wins face-off versus Patrik Berglund in neutral zone.
0:26 of 1st overtime period - Shot by Max Pacioretty.
0:26 of 1st overtime period - Goal by Max Pacioretty - Stars : 2 - Predators : 3.
Goals for this period are 0 for Stars vs 1 for Predators.
Shots for this period are 0 for Stars vs 1 for Predators.


Output by the SimonT Hockey Simulator (STHS) for Stephane Roy -- Original Page W3C XHTML 1.0 Valid
Hockey Simulator - Hockey Simulation - Hockey Manager